| TOP OF THE 1ST |
|
Gastonia Rockets batting - Pitching for Anderson Rebels : LHP Joaquin Torres
|
|
Pitching: LHP Joaquin Torres
|
|
|
Batting: RHB Glenn Jones
|
0-0: Called Strike 0-1: Ball 1-1: Ground out 5-3 (Groundball, 56, EV 93.1 MPH)
|
|
Batting: RHB Jackie Wright
|
0-0: Foul Ball, location: 2F 0-1: Ball 1-1: Called Strike 1-2: Ground out 6-3 (Groundball, 6, EV 90.6 MPH)
|
|
Batting: RHB James Crawford
|
0-0: Fly out, F9 (Flyball, 9S, EV 91.3 MPH)
|
| Top of the 1st over - 0 runs, 0 hits, 0 errors, 0 left on base; Gastonia 0 - Anderson 0 |
| BOTTOM OF THE 1ST |
|
Anderson Rebels batting - Pitching for Gastonia Rockets : RHP Jose Torres
|
|
Pitching: RHP Jose Torres
|
|
|
Batting: LHB Eli Aldridge
|
0-0: Ball 1-0: SINGLE (Groundball, 56S, EV 71.9 MPH) (infield hit)
|
|
Batting: RHB Mike Gallego
|
0-0: Ball 1-0: Fly out, F5 (Popup, 5F, EV 60.0 MPH)
|
|
Batting: RHB Henry Cotto
|
0-0: Ball 1-0: Called Strike 1-1: Fly out, F7 (Flyball, 7, EV 89.4 MPH)
|
|
Batting: RHB Larry See
|
0-0: Ball 1-0: Ball 2-0: Fly out, F3 (Popup, 3S, EV 78.1 MPH)
|
| Bottom of the 1st over - 0 runs, 1 hit, 0 errors, 1 left on base; Gastonia 0 - Anderson 0 |
| TOP OF THE 2ND |
|
Gastonia Rockets batting - Pitching for Anderson Rebels : LHP Joaquin Torres
|
|
Batting: RHB Mark Davidson
|
0-0: Called Strike 0-1: Called Strike 0-2: Strikes out swinging
|
|
Batting: RHB Pat Dumouchelle
|
0-0: Swinging Strike 0-1: Foul Ball, location: 2F 0-2: Ball 1-2: Ground out U3 (Groundball, 3, EV 96.3 MPH)
|
|
Batting: RHB David Daniels
|
0-0: Called Strike 0-1: Ground out 3-1 (Groundball, 3S, EV 73.1 MPH)
|
| Top of the 2nd over - 0 runs, 0 hits, 0 errors, 0 left on base; Gastonia 0 - Anderson 0 |
| BOTTOM OF THE 2ND |
|
Anderson Rebels batting - Pitching for Gastonia Rockets : RHP Jose Torres
|
|
Batting: RHB Steve Lombardozzi
|
0-0: Called Strike 0-1: Foul Ball, location: 2F 0-2: Ball 1-2: SINGLE (Line Drive, 4MD, EV 97.5 MPH)
|
|
Batting: RHB Bob Brower
|
0-0: Called Strike 0-1: Fly out, F4 (Popup, 4M, EV 51.3 MPH)
|
|
Batting: RHB Todd Demeter
|
0-0: Ball 1-0: Called Strike 1-1: Called Strike 1-2: Ball 2-2: Strikes out swinging
|
|
Batting: RHB Juan Blanco
|
0-0: Ball 1-0: Foul Ball, location: 2F 1-1: Ball 2-1: Swinging Strike 2-2: Ball 3-2: Fly out, F9 (Flyball, 89M, EV 75.6 MPH)
|
| Bottom of the 2nd over - 0 runs, 1 hit, 0 errors, 1 left on base; Gastonia 0 - Anderson 0 |
| TOP OF THE 3RD |
|
Gastonia Rockets batting - Pitching for Anderson Rebels : LHP Joaquin Torres
|
|
Batting: LHB Dale Holman
|
0-0: Called Strike 0-1: Ball 1-1: Ball 2-1: Foul Ball, location: 2F 2-2: Strikes out swinging
|
|
Batting: RHB Donald Murelli
|
0-0: Ground out U3 (Groundball, 13, EV 82.5 MPH)
|
|
Batting: RHB Kurt Kingsolver
|
0-0: Foul Ball, location: 2F 0-1: Fly out, F8 (Flyball, 8LD, EV 99.4 MPH)
|
| Top of the 3rd over - 0 runs, 0 hits, 0 errors, 0 left on base; Gastonia 0 - Anderson 0 |
| BOTTOM OF THE 3RD |
|
Anderson Rebels batting - Pitching for Gastonia Rockets : RHP Jose Torres
|
|
Batting: RHB Hector Ordonez
|
0-0: Ball 1-0: Foul Ball, location: 2F 1-1: Ball 2-1: Foul Ball, location: 2F 2-2: Ground out 3-1 (Groundball, 34S, EV 82.5 MPH)
|
|
Batting: LHB Eli Aldridge
|
0-0: Ball 1-0: Called Strike 1-1: Swinging Strike 1-2: SINGLE (Groundball, 13S, EV 62.5 MPH) (infield hit)
|
|
Batting: RHB Mike Gallego
|
0-0: Ball Eli Aldridge is caught stealing 2nd base 2-4 1-0: Ball 2-0: Ground out 6-3 (Groundball, 6, EV 109.4 MPH)
|
| Bottom of the 3rd over - 0 runs, 1 hit, 0 errors, 0 left on base; Gastonia 0 - Anderson 0 |
| TOP OF THE 4TH |
|
Gastonia Rockets batting - Pitching for Anderson Rebels : LHP Joaquin Torres
|
|
Batting: RHB Glenn Jones
|
0-0: Fly out, F8 (Line Drive, 8RM, EV 91.3 MPH)
|
|
Batting: RHB Jackie Wright
|
0-0: Ball 1-0: Fly out, F8 (Flyball, 8LM, EV 84.4 MPH)
|
|
Batting: RHB James Crawford
|
0-0: Ball 1-0: Ball 2-0: Called Strike 2-1: SINGLE (Groundball, 5D, EV 94.4 MPH)
|
|
Batting: RHB Mark Davidson
|
0-0: Ball 1-0: Ball 2-0: Foul Ball, location: 2F 2-1: Ball 3-1: DOUBLE (Line Drive, 5D, EV 104.4 MPH) James Crawford to third Runner from 3rd tries for Home, SAFE, no throw by LF
|
|
Batting: RHB Pat Dumouchelle
|
0-0: Called Strike 0-1: Ball 1-1: Ball 2-1: Ball 3-1: Base on Balls
|
|
Batting: RHB David Daniels
|
0-0: Called Strike 0-1: Ball 1-1: Foul Ball, location: 2F 1-2: Foul Ball, location: 2F 1-2: Ball 2-2: Strikes out looking
|
| Top of the 4th over - 1 run, 2 hits, 0 errors, 2 left on base; Gastonia 1 - Anderson 0 |
| BOTTOM OF THE 4TH |
|
Anderson Rebels batting - Pitching for Gastonia Rockets : RHP Jose Torres
|
|
Batting: RHB Henry Cotto
|
0-0: Ball 1-0: Called Strike 1-1: Called Strike 1-2: SINGLE (Groundball, 6S, EV 73.1 MPH) (infield hit)
|
|
Batting: RHB Larry See
|
0-0: Ball 1-0: Called Strike 1-1: Ball 2-1: Ball 3-1: Fly out, F7 (Line Drive, 7, EV 103.8 MPH)
|
|
Batting: RHB Steve Lombardozzi
|
0-0: 2-RUN HOME RUN (Flyball, 7D, EV 92.5 MPH), Distance : 361 ft
|
|
Batting: RHB Bob Brower
|
0-0: Ball 1-0: TRIPLE (Line Drive, 89XD, EV 111.3 MPH)
|
|
Batting: RHB Todd Demeter
|
0-0: Ball 1-0: Swinging Strike 1-1: Ball 2-1: Ball 3-1: Foul Ball, location: 2F 3-2: Base on Balls
|
|
Batting: RHB Juan Blanco
|
0-0: Called Strike 0-1: Reached on error, E5 (Groundball, 56S, EV 93.1 MPH) Bob Brower scores Todd Demeter to third
|
|
Batting: RHB Hector Ordonez
|
0-0: Swinging Strike Passed Ball! Todd Demeter scores Juan Blanco to third 0-1: Swinging Strike 0-2: Foul Ball, location: 2F 0-2: Ball 1-2: Foul Ball, location: 2F 1-2: Foul Ball, location: 2F 1-2: Fly out, F9 (Line Drive, 9D, EV 89.4 MPH) Runner from 3rd tags up, SCORES, no throw by RF
|
|
Batting: LHB Eli Aldridge
|
0-0: Called Strike 0-1: Ball 1-1: Swinging Strike 1-2: SINGLE (Groundball, 56D, EV 95.6 MPH)
|
|
Batting: RHB Mike Gallego
|
0-0: Called Strike 0-1: Ball 1-1: Ground out 4-3 (Groundball, 34, EV 103.1 MPH)
|
| Bottom of the 4th over - 5 runs, 4 hits, 1 error, 1 left on base; Gastonia 1 - Anderson 5 |
| TOP OF THE 5TH |
|
Gastonia Rockets batting - Pitching for Anderson Rebels : LHP Joaquin Torres
|
|
Batting: LHB Dale Holman
|
0-0: Ground out 5-3 (Groundball, 5, EV 76.3 MPH)
|
|
Batting: RHB Donald Murelli
|
0-0: Ball 1-0: Ball 2-0: Foul Ball, location: 2F 2-1: Ground out 4-3 (Groundball, 4, EV 91.3 MPH)
|
|
Batting: RHB Kurt Kingsolver
|
0-0: Called Strike 0-1: Ball 1-1: Ball 2-1: Ball 3-1: Base on Balls
|
|
Batting: RHB Glenn Jones
|
0-0: Ball 1-0: Called Strike 1-1: Foul Ball, location: 2F 1-2: Strikes out swinging
|
| Top of the 5th over - 0 runs, 0 hits, 0 errors, 1 left on base; Gastonia 1 - Anderson 5 |
| BOTTOM OF THE 5TH |
|
Anderson Rebels batting - Pitching for Gastonia Rockets : RHP Jose Torres
|
|
Batting: RHB Henry Cotto
|
0-0: Ball 1-0: Ball 2-0: Ground out 6-3 (Groundball, 6, EV 80.0 MPH)
|
|
Batting: RHB Larry See
|
0-0: Foul Ball, location: 2F 0-1: Called Strike 0-2: Strikes out swinging
|
|
Batting: RHB Steve Lombardozzi
|
0-0: Called Strike 0-1: Called Strike 0-2: SOLO HOME RUN (Flyball, 7D, EV 107.5 MPH), Distance : 364 ft
|
|
Batting: RHB Bob Brower
|
0-0: Called Strike 0-1: Ball 1-1: Foul Ball, location: 2F 1-2: DOUBLE (Line Drive, 78D, EV 100.0 MPH)
|
|
Batting: RHB Todd Demeter
|
0-0: Called Strike 0-1: Fly out, F8 (Line Drive, 8LD, EV 89.4 MPH)
|
| Bottom of the 5th over - 1 run, 2 hits, 0 errors, 1 left on base; Gastonia 1 - Anderson 6 |
| TOP OF THE 6TH |
|
Gastonia Rockets batting - Pitching for Anderson Rebels : LHP Joaquin Torres
|
|
Batting: RHB Jackie Wright
|
0-0: Ball 1-0: Foul Ball, location: 2F 1-1: Foul Ball, location: 2F 1-2: Foul Ball, location: 2F 1-2: Ball 2-2: Ball 3-2: Foul Ball, location: 2F 3-2: Base on Balls
|
|
Batting: RHB James Crawford
|
0-0: Ball 1-0: Called Strike 1-1: Swinging Strike 1-2: Foul Ball, location: 2F 1-2: Ball 2-2: Fly out, F9 (Flyball, 9, EV 92.5 MPH)
|
|
Batting: RHB Mark Davidson
|
0-0: Ball 1-0: Called Strike 1-1: Ball 2-1: DOUBLE (Flyball, 8RXD, EV 101.9 MPH) Jackie Wright to third Runner from 3rd tries for Home, SAFE, throw by CF to trailing runner, OUT at third! 8-3-5
|
|
Batting: RHB Pat Dumouchelle
|
0-0: Ball 1-0: Swinging Strike 1-1: Ball 2-1: Ball 3-1: Ground out 1-3 (Groundball, 13S, EV 71.3 MPH)
|
| Top of the 6th over - 1 run, 1 hit, 0 errors, 0 left on base; Gastonia 2 - Anderson 6 |
| BOTTOM OF THE 6TH |
|
Anderson Rebels batting - Pitching for Gastonia Rockets : RHP Jose Torres
|
|
Batting: RHB Juan Blanco
|
0-0: Ball 1-0: Called Strike 1-1: Swinging Strike 1-2: Ball 2-2: Strikes out swinging
|
|
Batting: RHB Hector Ordonez
|
0-0: Ground out 4-3 (Groundball, 4, EV 101.9 MPH)
|
|
Batting: LHB Eli Aldridge
|
0-0: Ball 1-0: Called Strike 1-1: Ball 2-1: Ground out 3-1 (Groundball, 34S, EV 88.8 MPH)
|
| Bottom of the 6th over - 0 runs, 0 hits, 0 errors, 0 left on base; Gastonia 2 - Anderson 6 |
| TOP OF THE 7TH |
|
Gastonia Rockets batting - Pitching for Anderson Rebels : LHP Joaquin Torres
|
|
Batting: RHB David Daniels
|
0-0: Ball 1-0: SINGLE (Line Drive, 7S, EV 101.9 MPH)
|
|
Batting: LHB Dale Holman
|
0-0: Ball 1-0: Grounds into double play, 4-6-3 (Groundball, 4, EV 85.6 MPH)
|
|
Batting: RHB Donald Murelli
|
0-0: Ball 1-0: Foul Ball, location: 2F 1-1: SINGLE (Groundball, 4D, EV 101.3 MPH)
|
|
Batting: RHB Kurt Kingsolver
|
0-0: Foul Ball, location: 2F 0-1: Fly out, F8 (Flyball, 8RD, EV 90.6 MPH)
|
| Top of the 7th over - 0 runs, 2 hits, 0 errors, 1 left on base; Gastonia 2 - Anderson 6 |
| BOTTOM OF THE 7TH |
|
Anderson Rebels batting - Pitching for Gastonia Rockets : RHP Jose Torres
|
|
Pitching: LHP Carlos Arroyo
|
|
|
Batting: RHB Mike Gallego
|
0-0: Ball 1-0: Swinging Strike 1-1: Ball 2-1: Swinging Strike 2-2: DOUBLE (Groundball, 3L, EV 100.6 MPH)
|
|
Batting: RHB Henry Cotto
|
0-0: Ground out 6-3 (Groundball, 6, EV 90.6 MPH) Mike Gallego to third
|
|
Batting: RHB Larry See
|
0-0: Foul Ball, location: 2F 0-1: Foul Ball, location: 2F 0-2: Ball 1-2: Foul Ball, location: 2F 1-2: SINGLE (Flyball, 7LS, EV 91.3 MPH) Mike Gallego scores
|
|
Batting: RHB Steve Lombardozzi
|
0-0: Ball 1-0: Ball 2-0: Called Strike 2-1: Ball 3-1: Base on Balls Larry See to second
|
|
Batting: RHB Bob Brower
|
Balk! Larry See to third Steve Lombardozzi to second 0-0: Foul Ball, location: 2F 0-1: Ball 1-1: Ball 2-1: Foul Ball, location: 2F 2-2: Foul Ball, location: 2F 2-2: Ball 3-2: Foul Ball, location: 2F 3-2: Strikes out swinging, 2-3 out at first.
|
|
Batting: RHB Todd Demeter
|
0-0: Called Strike 0-1: Ball 1-1: Ball 2-1: Ball 3-1: Base on Balls
|
|
Batting: RHB Juan Blanco
|
0-0: Ball 1-0: Ball 2-0: Foul Ball, location: 2F 2-1: Swinging Strike 2-2: Foul Ball, location: 2F 2-2: Ball 3-2: DOUBLE (Groundball, 5L, EV 104.4 MPH) Larry See scores Steve Lombardozzi scores Todd Demeter to third Todd Demeter scores
|
|
Pitching: RHP Thomas DeRosa
|
|
|
Pinch Hitting: RHB Roberto Dennis
|
0-0: Foul Ball, location: 2F 0-1: Fly out, F9 (Line Drive, 9, EV 86.9 MPH)
|
| Bottom of the 7th over - 4 runs, 3 hits, 0 errors, 1 left on base; Gastonia 2 - Anderson 10 |
| TOP OF THE 8TH |
|
Gastonia Rockets batting - Pitching for Anderson Rebels : LHP Joaquin Torres
|
|
Now at 3B: Roberto Dennis
|
|
|
Batting: RHB Glenn Jones
|
0-0: Ball 1-0: Called Strike 1-1: Ball 2-1: Called Strike 2-2: Strikes out looking
|
|
Batting: RHB Jackie Wright
|
0-0: Ball 1-0: Ball 2-0: Foul Ball, location: 2F 2-1: Swinging Strike 2-2: Foul Ball, location: 2F 2-2: Foul Ball, location: 2F 2-2: Ball 3-2: Base on Balls
|
|
Pinch Hitting: RHB Ruben Brito
|
0-0: Ball 1-0: Fly out, F7 (Flyball, 7D, EV 100.6 MPH)
|
|
Batting: RHB Mark Davidson
|
0-0: Called Strike 0-1: Foul Ball, location: 2F 0-2: Ball Wild Pitch! Jackie Wright to second 1-2: Ball 2-2: SINGLE (Groundball, 4S, EV 61.3 MPH) (infield hit) Jackie Wright to third
|
|
Batting: RHB Pat Dumouchelle
|
0-0: Called Strike 0-1: Ball 1-1: Called Strike 1-2: Foul Ball, location: 2F 1-2: Fly out, F8 (Line Drive, 8LD, EV 90.6 MPH)
|
| Top of the 8th over - 0 runs, 1 hit, 0 errors, 2 left on base; Gastonia 2 - Anderson 10 |
| BOTTOM OF THE 8TH |
|
Anderson Rebels batting - Pitching for Gastonia Rockets : RHP Thomas DeRosa
|
|
Now at 2B: Ruben Brito
|
|
|
Batting: LHB Eli Aldridge
|
0-0: Called Strike 0-1: DOUBLE (Line Drive, 78M, EV 98.1 MPH)
|
|
Batting: RHB Mike Gallego
|
0-0: Ball 1-0: Foul Ball, location: 2F 1-1: Ball 2-1: Fly out, F9 (Flyball, 89D, EV 99.4 MPH) Runner from 2nd tags up, SAFE at 3rd, no throw by RF
|
|
Batting: RHB Henry Cotto
|
0-0: Called Strike 0-1: Ground out 6-3 (Groundball, 6, EV 81.3 MPH) Eli Aldridge scores
|
|
Batting: RHB Larry See
|
0-0: Called Strike 0-1: Foul Ball, location: 2F 0-2: Strikes out swinging
|
| Bottom of the 8th over - 1 run, 1 hit, 0 errors, 0 left on base; Gastonia 2 - Anderson 11 |
| TOP OF THE 9TH |
|
Gastonia Rockets batting - Pitching for Anderson Rebels : LHP Joaquin Torres
|
|
Batting: RHB David Daniels
|
0-0: Ball 1-0: Ball 2-0: SINGLE (Line Drive, 6D, EV 98.1 MPH)
|
|
Batting: LHB Dale Holman
|
0-0: Fly out, F9 (Flyball, 9D, EV 103.8 MPH)
|
|
Batting: RHB Donald Murelli
|
0-0: Ball 1-0: Ball 2-0: Called Strike 2-1: Foul Ball, location: 2F 2-2: Grounds into double play, 5-4-3 (Groundball, 5L, EV 81.9 MPH)
|
| Top of the 9th over - 0 runs, 1 hit, 0 errors, 0 left on base; Gastonia 2 - Anderson 11 |
|